 Dungeon Crawl Stone Soup version 0.27.0-1-g7a089689b8 (webtiles) character file.

Game seed: 5992493880620287453

70 SnakkuSnakku7 the Caller (level 3, -1/26 HPs)
             Began as a Demigod Summoner on Aug 3, 2021.
             Killed from afar by a white imp (6 damage)
             ... with a puff of frost
             ... summoned by Natasha
             ... on level 2 of the Dungeon.
             The game lasted 00:02:13 (3257 turns).

SnakkuSnakku7 the Caller (Demigod Summoner)         Turns: 3257, Time: 00:02:14

Health: -1/26      AC:  3    Str:  9    XL:     3   Next: 76%
Magic:  5/8        EV: 12    Int: 21    God:
Gold:   62         SH:  0    Dex: 14    Spells: 1/5 levels left

rFire    . . .     SeeInvis .   h - +1 mace (protect)
rCold    . . .     Faith    .   (no shield)
rNeg     . . .     Spirit   .   a - +0 robe
rPois    .         Reflect  .   (no helmet)
rElec    .         Harm     .   j - +0 cloak
rCorr    .         Rampage  .   (no gloves)
Will     .....                  (no boots)
Stlth    ++........             (no amulet)
HPRegen  0.08/turn              (no ring)
MPRegen  0.11/turn              (no ring)

@: slowed, very slow
A: high mp 1, forlorn
a: no special abilities


You were on level 2 of the Dungeon.
You visited 1 branch of the dungeon, and saw 2 of its levels.

You collected 62 gold pieces.

Inventory:

Hand Weapons
 b - a +0 short sword
 d - a +3 dagger
 h - a +1 mace of protection (weapon)
Missiles
 i - 15 poisoned darts
 o - 5 curare-tipped darts
Armour
 a - a +0 robe (worn)
 j - a +0 cloak (worn)
Scrolls
 e - 3 scrolls of identify {unknown}
 k - a scroll of blinking {unknown}
 l - a scroll of teleportation {unknown}
 n - a scroll of vulnerability {unknown}
Potions
 c - 2 potions of attraction {unknown}
 f - a potion of resistance {unknown}
 g - a potion of lignification {unknown}
 m - a potion of brilliance {unknown}


   Skills:
 - Level 1.7 Dodging
 - Level 1.7 Stealth
 - Level 1.7 Spellcasting
 + Level 5.1 Summonings


You had one spell level left.
You knew the following spells:

 Your Spells              Type           Power      Damage    Failure   Level
a - Summon Small Mammal   Summ           92%        N/A       1%          1
z - Call Canine Familiar  Summ           23%        N/A       5%          3

Your spell library contained the following spells:

 Spells                   Type           Power      Damage    Failure   Level
 Call Imp                 Summ           23%        N/A       2%          2
 Summon Guardian Golem    Hex/Summ       12%        N/A       16%         3
 Summon Lightning Spire   Summ/Air       12%        N/A       45%         4


Dungeon Overview and Level Annotations

Branches:
Dungeon (2/15)

Annotations:
D:2 Natasha


Innate Abilities, Weirdness & Mutations

Your attributes grow dramatically as you level up.
You have an increased reservoir of magic. (+10% MP)
You shall have no god before yourself.


Message History

You feel yourself slow down. The white imp barely misses you.
Natasha misses you.
You completely miss Natasha. The white imp completely misses you.
Natasha completely misses you. The white imp barely misses you.
Natasha claws you but does no damage.
You hit Natasha but do no damage.
Your weapon exudes an aura of protection.
The white imp closely misses you. Natasha completely misses you.
The white imp gestures at you.
The puff of frost hits you but does no damage.
Natasha misses you. The white imp closely misses you.
Casting: Summon Small Mammal (safe; 1% risk of failure)
Confirm with . or Enter, or press ? or * to list all spells.
The spell is quite dangerous to cast (5% risk of failure)!
Continue anyway?
Okay, then.
Casting: Call Canine Familiar (quite dangerous; 5% risk of failure)
Confirm with . or Enter, or press ? or * to list all spells.
The spell is quite dangerous to cast (5% risk of failure)!
Continue anyway?
Natasha barely misses you. The white imp closely misses you.
Unknown command.
You hit Natasha.
Your weapon exudes an aura of protection.
Natasha is moderately wounded.
Your hound completely misses the white imp.
Natasha claws you. The white imp misses you.
Your hound bites the white imp but does no damage.
Natasha stares at you and mumbles some strange words.
The magic dart hits you. The white imp gestures at you.
The puff of frost hits you.
Your hound bites the white imp.
You barely miss Natasha.
Natasha is moderately wounded.
Your hound bites the white imp.
Natasha closely misses you. The white imp gestures at you.
The puff of frost hits you!
* * * LOW HITPOINT WARNING * * *
Your hound barely misses the white imp.
Natasha completely misses you. The white imp gestures at you.
The puff of frost hits you.
You die...

############# #...........#
#######.#########.#### #.....#.#
#..... #....h#.# ######
############....@#.#
.†.........'.....5h##############
#####<######.......#.............
#.# #.......#.############ #.#
######..#.#
#####.###########..#.#
...................#.#
#####..............#.#
#####..######.######.#


You could see Natasha, a white imp (summoned, ally target) and a friendly hound
(summoned).

Vanquished Creatures
  A worm (D:2)
  5 endoplasms
  2 giant cockroaches
  5 goblins
  3 hobgoblins
  6 jackals (D:2)
  3 quokkas
  3 ball pythons
  2 frilled lizards (D:1)
  2 kobolds (D:2)
  2 rats (D:1)
  A spectral hobgoblin (D:1)
35 creatures vanquished.

Vanquished Creatures (collateral kills)
  Natasha (D:2)
  A kobold (D:1)
2 creatures vanquished.

Vanquished Creatures (others)
  A plant (D:1)
1 creature vanquished.

Grand Total: 38 creatures vanquished

Notes
Turn   | Place    | Note
-------+----------+-------------------------------------------
     0 | D:1      | SnakkuSnakku7 the Demigod Summoner began the quest for the
                  | Orb.
     0 | D:1      | Reached XP level 1. HP: 14/14 MP: 5/5
  1121 | D:1      | Reached skill level 4 in Summonings
  1529 | D:1      | Reached XP level 2. HP: 20/20 MP: 7/7
  2342 | D:2      | Reached XP level 3. HP: 26/26 MP: 8/8
  2346 | D:2      | Learned a level 3 spell: Call Canine Familiar
  2406 | D:2      | Noticed Natasha
  2417 | D:2      | Killed Natasha
  2418 | D:2      | Reached skill level 5 in Summonings
  3243 | D:2      | Noticed Natasha
  3257 | D:2      | Killed from afar by a white imp

Illustrated notes

Levels and vault maps discovered:
D:1:      giann_bridges, layout_loops_ring,
          dreamdust_ecumenical_altar_drowned_temple
D:2:      layout_basic, uniq_natasha

Skill      XL: |  1  2  3 |
---------------+----------+-----
Summonings     | 4 5 |  5.1
Dodging        | |  1.7
Stealth        | |  1.7
Spellcasting   | |  1.7

Action                   || total
-------------------------++-------
Melee: Dagger            ||    51
       Unarmed           ||     8
       Short sword       ||     7
       Mace              ||    71
 Cast: Summon Small Mamm ||     4
       Call Canine Famil ||     2
 Stab: Sleeping          ||     2
Armor: Robe              ||    38
Dodge: Dodged            ||    99
